 Dungeon Crawl Stone Soup version 0.30-a0-726-gd89dcf765f (webtiles) character file.

Game seed: 4372782721371895638

4 Armakuni the Sneak (level 1, -4/18 HPs)
             Began as a Human Delver on Jan 29, 2023.
             Slain by a gnoll
             ... wielding a +0 whip
              (6 damage)
             ... on level 2 of the Dungeon.
             The game lasted 00:03:21 (452 turns).

Armakuni the Sneak (Human Delver)                    Turns: 452, Time: 00:03:21

Health: -4/18      AC:  4    Str: 12    XL:     1   Next: 66%
Magic:  1/1        EV: 12    Int: 10    God:
Gold:   14         SH:  0    Dex: 14    Spells: 0/0 levels left

rFire   . . .      SeeInvis .    a - +0 falchion
rCold   . . .      Faith    .    (no shield)
rNeg    . . .      Spirit   .    b - +0 leather armour
rPois   .          Reflect  .    (no helmet)
rElec   .          Harm     .    d - +0 cloak
rCorr   .          Rampage  .    (no gloves)
Will    .....                    (no boots)
Stlth   +++                      (no amulet)
HPRegen 0.23/turn                (no ring)
MPRegen 0.07/turn                (no ring)

@: hasted, very quick
A: no striking features
a: no special abilities


You were on level 2 of the Dungeon.
You visited 1 branch of the dungeon, and saw 5 of its levels.

You collected 14 gold pieces.

Inventory:

Hand Weapons
 a - a +0 falchion (weapon)
Armour
 b - a +0 leather armour (worn)
 d - a +0 cloak (worn)
Wands
 k - a wand of digging (3)
Scrolls
 c - a scroll of fog
 e - a scroll of fear
Potions
 f - a potion of haste
 g - a potion of curing


   Skills:
 - Level 3.0 Fighting
 + Level 2.4 Long Blades
 - Level 2.0 Dodging
 - Level 5.0 Stealth


You couldn't memorise any spells.
You didn't know any spells.
Your spell library contained the following spells:

 Spells                   Type           Power      Damage    Failure   Level
 Beastly Appendage        Tmut           0%         N/A       43%         1
 Wereblood                Tmut           0%         N/A       58%         2
 Spider Form              Tmut/Pois      0%         N/A       82%         3


Dungeon Overview and Level Annotations

Branches:
Dungeon (6/15)
 Temple: D:4-7

Altars:

Annotations:
D:4 Eustachio
D:6 Duvessa


Message History

Found a leather armour.
A ball python comes into view.
You see here a +0 leather armour.
The ball python hisses angrily.
The ball python closely misses you. The ball python barely misses you. x2
The ball python misses you.
You closely miss the ball python.
The ball python bites you but does no damage.
The ball python closely misses you.
You barely miss the ball python. The ball python closely misses you.
The ball python grabs you. The ball python constricts you.
You barely miss the ball python.
The ball python bites you but does no damage.
The ball python constricts you. The ball python barely misses you.
The ball python constricts you.
You barely miss the ball python. The ball python closely misses you.
The ball python constricts you.
You slash the ball python!
You kill the ball python! 3 gnolls come into view.
The gnoll shouts!
Okay, then.
Okay, then.
Unknown command.
The gnoll shouts!
You feel yourself speed up.
You hit the gnoll.
The gnoll is lightly wounded.
The gnoll hits you with a +0 whip!
You hit the gnoll.
The gnoll is moderately wounded.
You hit the gnoll but do no damage.
The gnoll is moderately wounded.
The gnoll hits you with a +0 whip!
Ouch! That really hurt!
* * * LOW HITPOINT WARNING * * *
You barely miss the gnoll.
The gnoll is moderately wounded.
The gnoll hits you with a +0 whip.
You die...

########.# ...#
#.############## ##.#
#....[.........# #.#
##############.# #.# #.# #.#
#.# #.#### #.# #....#
###########.######## #####.#
#.....@ggg.........#
......#####.###########.####.#
###.....>...# ... #...#######
.### ###.# .# #.# .# #.# .#
#.# .# #.#


You could see 3 gnolls.

Vanquished Creatures
  A goblin (D:4)
  A ball python (D:2)
  2 kobolds
4 creatures vanquished.

Notes
Turn   | Place    | Note
-------+----------+-------------------------------------------
     0 | D:5      | Armakuni the Human Delver began the quest for the Orb.
     0 | D:5      | Reached XP level 1. HP: 18/18 MP: 1/1
    46 | D:6      | Noticed Duvessa
    80 | D:4      | Noticed a scorpion
   274 | D:4      | Noticed Eustachio
   452 | D:2      | Slain by a gnoll

Illustrated notes

Levels and vault maps discovered:
D:2:      layout_loops_ring
D:3:      layout_rooms, cheibrodos_sewer_entry_sluice, serial_shops,
          nicolae_shop_window_shopping
D:4:      layout_basic, minmay_unequal, uniq_eustachio
D:5:      layout_cave_pools, serial_co_window_serial, co_window_corner_a,
          co_window_paths_a, co_window_paths_a, co_window_of_opportunity_a,
          co_window_paths_b, co_window_paths_b, co_window_corner_a,
          co_window_of_opportunity_a, co_window_corner_a, co_window_broadway_a,
          co_window_unsneaky_path_e, co_window_of_opportunity_c,
          co_window_broadway_a, co_window_broadway_b, co_window_unsneaky_path_e,
          minmay_shop_grid_forest
D:6:      nicolae_cairo_tiling_large, layout_loops_corners, minitemple,
          jmf_multi_god_temple2, uniq_duvessa

Action                     || total
---------------------------++-------
  Melee: Falchion          ||    18
    Use: Scroll            ||     4
         Potion            ||     1
 Armour: Leather armour    ||     5
  Dodge: Dodged            ||    14

Table legend: (Time is in decaauts)
 A = Elapsed time spent in this place.
 B = Non-inter-level travel time spent in this place.
 C = Inter-level travel time spent in this place.
 D = Time resting spent in this place.
 E = Time spent auto-exploring this place.
 F = Levels seen in this place.
 G = Mean time per level.
                   A        B        C        D        E       F      G
               +--------+--------+--------+--------+--------+-----+--------+
         Total |    454 |    454 |      0 |    100 |      0 |   5 |   90.8 |
       Dungeon |    454 |    454 |      0 |    100 |      0 |   5 |   90.8 |
               +--------+--------+--------+--------+--------+-----+--------+

Top non-repeatable levels by time:
     D:5: 271 daAuts
     D:4: 98 daAuts
     D:2: 66 daAuts
     D:3: 16 daAuts
     D:6: 1 daAuts
